 Dungeon Crawl Stone Soup version 0.18-a0-1624-g19ad93e (webtiles) character file.

5046 MenacingMecha the Slicer (level 10, -2/65 HPs)
             Began as a Kobold Berserker on Mar 23, 2016.
             Was a High Priest of Trog.
             Slain by an unseen horror (4 damage)
             ... on level 10 of the Dungeon on Mar 24, 2016.
             The game lasted 01:06:26 (10418 turns).

MenacingMecha the Slicer (Kobold Berserker)        Turns: 10418, Time: 01:06:27

Health: -2/65      AC:  7    Str: 16    XL:     10   Next: 85%
Magic:  10/10      EV: 22    Int:  5    God:    Trog [*****.]
Gold:   384        SH:  0    Dex: 19    Spells: 0 memorised, 9 levels left

rFire  + . .     SeeInvis .     B - +0 rapier
rCold  . . .     Gourm    .     G - +0 leather armour {rPois}
rNeg   . . .     Faith    .     (shield restricted)
rPois  +         Spirit   .     r - +1 helmet
rElec  .         Dismiss  .     e - +0 cloak
rCorr  .         Reflect  .     P - +0 pair of gloves
SustAt .         Harm     .     (no boots)
MR     .....                    (no amulet)
Stlth  +++.......               (no ring)
                                g - ring of protection from fire

@: not resistant to hostile enchantments, fairly stealthy
A: carnivore 3
a: Berserk, Trog's Hand, Brothers in Arms, Burn Spellbooks, Renounce Religion


You were on level 10 of the Dungeon.
You worshipped Trog.
Trog was extremely pleased with you.
You were completely stuffed.

You visited 1 branch of the dungeon, and saw 10 of its levels.

You collected 384 gold pieces.

Inventory:

Hand Weapons
 B - a +0 rapier (weapon)
 J - a +0 dagger of venom
 O - a +1 short sword of holy wrath
Missiles
 z - 45 bolts
Armour
 e - a +0 cloak (worn)
 f - a +0 ring mail
 r - a +1 helmet (worn)
 G - a +0 leather armour of poison resistance (worn)
 P - a +0 pair of gloves (worn)
Jewellery
 g - a ring of protection from fire (left hand)
 A - a cursed ring of resist corrosion
 D - an uncursed amulet of magic regeneration
Wands
 q - a wand of flame (13/48)
 F - a wand of acid (4/15)
 R - a wand of confusion (35/48)
Scrolls
 d - 3 scrolls of recharging {unknown}
 i - 4 scrolls of identify
 l - 3 scrolls of teleportation {unknown}
 n - 3 scrolls of remove curse {unknown}
 s - 3 scrolls of enchant weapon {unknown}
 t - a scroll of fog {unknown}
 v - 2 scrolls of noise {unknown}
 y - a scroll of random uselessness {unknown}
 E - 2 scrolls of fear {unknown}
 I - a scroll of enchant armour {unknown}
 M - a scroll of amnesia {unknown}
 Q - a scroll of blinking {unknown}
Potions
 j - a potion of berserk rage {unknown}
 k - a potion of flight {unknown}
 m - 8 potions of curing {unknown}
 o - a potion of heal wounds {unknown}
 p - a potion of might
 w - 2 potions of resistance {unknown}
 x - 2 potions of lignification {unknown}
 C - 5 potions of degeneration {unknown}
 H - a potion of magic {unknown}
 K - a potion of beneficial mutation {unknown}
 N - a potion of ambrosia {unknown}
Books
 u - a book of Cantrips

   Spells                             Type                      Level
   a - Corona                         Hexes                        1
   b - Animate Skeleton               Necromancy                   1
   c - Summon Small Mammal            Summoning                    1
   d - Apportation                    Translocation                1
   Trog disapproves of the use of such an item.
Comestibles
 b - 2 royal jellies
 c - 5 meat rations
 h - 5 beef jerkies
 L - a slice of pizza


   Skills:
 + Level 8.4 Fighting
 - Level 14.0 Short Blades
 - Level 1.5 Armour
 + Level 8.9 Dodging
 - Level 5.3 Stealth


You had 9 spell levels left.
You didn't know any spells.

Dungeon Overview and Level Annotations

Branches:
Dungeon (10/15)            Temple (0/1) D:5
   Lair: D:8-11         Orc: D:9-12

Altars:
Ashenzari
Elyvilon
Fedhas
Makhleb
Pakellas
Ru
Vehumet
Xom
Yredelemnul
Zin
The Shining One

Shops:
D:5 :

Annotations:
D:5 bullock's ghost, novice HOGl
D:9 Leszczynek's ghost, novice OpSk


Innate Abilities, Weirdness & Mutations

You are small and have problems with some larger weapons.
You are carnivorous and can eat meat at any time.


Message History

Something barely misses you. Something hits you.
Something hits you but does no damage.
You hit something. Something closely misses you.
You closely miss something. Something hits you.
Something hits you but does no damage.
You barely miss something. You completely miss something.
Something hits you but does no damage. Something closely misses you.
Something misses you. Something hits you. Something hits you!
* * * LOW HITPOINT WARNING * * *
Something barely misses you. Something misses you. Something misses you.
Something hits you!
* * * LOW HITPOINT WARNING * * *
Something hits you.
* * * LOW HITPOINT WARNING * * *
Something hits you.
You die...

#.. .. #.# .#
...###########
#.# .#
#......<.....#
#.# .#
############.# #
#.# !# #.#
#.##.##.##.# #.#
#..........# #.#
###.##.#########
#.# #.....@...#
#.# #########.#
#.## #.# #..#
#.# ##.# #.# #.#
#######.# #.#
#.......# #.#
#.####### #.#
#.# #.#


There were no monsters in sight!

Vanquished Creatures
  Erolcha (D:7)
  Joseph (D:7)
  Grinder (D:4)
  Prince Ribbit (D:7)
  Sigmund (D:2)
  A wyvern (D:8)
  A hippogriff (D:9)
  Menkaure (D:4)
  A hungry ghost (D:9)
  A water moccasin (D:7)
  Duvessa (D:4)
  A phantom (D:7)
  A black bear (D:8)
  2 orc warriors
  3 ogres
  2 centaurs
  A big kobold (D:8)
  3 giant frogs
  Dowan (D:4)
  3 scorpions
  3 howler monkeys (D:7)
  5 crimson imps
  A giant frog zombie (D:4)
  3 orc priests
  4 hounds
  A gnoll shaman (D:8)
  Crazy Yiuf (D:2)
  4 centaur skeletons
  A giant frog skeleton (D:7)
  Terence (D:2)
  2 iguanas
  Natasha (twice) (D:4)
  5 orc wizards
  5 worker ants
  2 worker ant zombies
  Robin (D:4)
  A howler monkey zombie (D:4)
  13 gnolls
  12 adders
  4 oozes
  An adder zombie (D:6)
  An adder skeleton (D:4)
  A worm (D:2)
  A dart slug (D:4)
  6 giant geckos
  38 orcs
  2 ball pythons (D:1)
  10 bats
  3 giant cockroaches
  17 goblins
  15 hobgoblins
  4 jackals (D:1)
  4 quokkas
  10 giant newts
  10 kobolds
  7 rats
  A fungus (D:2)
230 creatures vanquished.

Notes
Turn   | Place    | Note
--------------------------------------------------------------
     0 | D:1      | MenacingMecha the Kobold Berserker began the quest for the Orb.
     0 | D:1      | Reached XP level 1. HP: 14/14 MP: 1/1
    91 | D:1      | Reached XP level 2. HP: 14/19 MP: 2/2
   184 | D:1      | Reached skill level 5 in Short Blades
   377 | D:1      | Reached XP level 3. HP: 23/23 MP: 3/3
   384 | D:1      | Reached ** piety under Trog
   876 | D:2      | Noticed Sigmund
   913 | D:2      | Reached skill level 6 in Short Blades
   965 | D:3      | Found a sacrificial altar of Ru.
   990 | D:3      | Found a white marble altar of Elyvilon.
  1013 | D:3      | Reached XP level 4. HP: 24/28 MP: 4/4
  1487 | D:3      | Reached skill level 7 in Short Blades
  1487 | D:3      | Reached XP level 5. HP: 26/32 MP: 5/5
  1962 | D:4      | Noticed Robin
  1962 | D:4      | Reached *** piety under Trog
  1975 | D:4      | Killed Robin
  1984 | D:4      | Reached skill level 8 in Short Blades
  2236 | D:4      | Noticed Grinder
  2246 | D:4      | Reached XP level 6. HP: 34/37 MP: 6/6
  2253 | D:4      | Killed Grinder
  2253 | D:4      | Reached skill level 9 in Short Blades
  2253 | D:4      | Reached XP level 7. HP: 41/41 MP: 7/7
  2394 | D:4      | Noticed Natasha
  2413 | D:4      | Killed Natasha
  2413 | D:4      | Reached skill level 10 in Short Blades
  2453 | D:4      | Found an oddly glowing altar of Pakellas.
  2746 | D:4      | Noticed Duvessa
  2779 | D:4      | Killed Duvessa
  2779 | D:4      | Reached skill level 11 in Short Blades
  2784 | D:4      | Reached XP level 8. HP: 45/46 MP: 8/8
  2789 | D:4      | Noticed Dowan
  2799 | D:4      | Killed Dowan
  3061 | D:4      | Noticed Menkaure
  3074 | D:4      | Killed Menkaure
  3074 | D:4      | Reached skill level 12 in Short Blades
  3320 | D:4      | Reached skill level 1 in Stealth
  3502 | D:4      | Noticed Natasha
  3518 | D:4      | Killed Natasha
  3769 | D:5      | Entered Level 5 of the Dungeon
  3770 | D:5      | Found Luxon's Book Boutique.
  3943 | D:5      | Found a staircase to the Ecumenical Temple.
  3985 | D:5      | Noticed bullock's ghost (novice HOGl)
  3998 | D:5      | Found a shimmering altar of Xom.
  3999 | D:5      | Found a radiant altar of Vehumet.
  4001 | D:5      | Found a basalt altar of Yredelemnul.
  4003 | D:5      | Found a shattered altar of Ashenzari.
  4012 | D:4      | Reached **** piety under Trog
  4325 | D:6      | Reached XP level 9. HP: 40/52 MP: 9/9
  5314 | D:7      | Noticed Joseph
  5329 | D:7      | Killed Joseph
  5329 | D:7      | Reached skill level 13 in Short Blades
  5484 | D:7      | Noticed Prince Ribbit
  5690 | D:8      | Noticed Erolcha
  5982 | D:7      | Reached skill level 14 in Short Blades
  6179 | D:7      | Killed Prince Ribbit
  6179 | D:7      | Reached skill level 5 in Fighting
  6278 | D:7      | Found a burning altar of Makhleb.
  6384 | D:7      | Reached skill level 5 in Dodging
  6644 | D:2      | Noticed Terence
  6650 | D:2      | Killed Terence
  6848 | D:2      | Killed Sigmund
  6848 | D:2      | Reached ***** piety under Trog
  6848 | D:2      | Reached skill level 5 in Stealth
  6990 | D:2      | Reached XP level 10. HP: 59/59 MP: 10/10
  7213 | D:2      | Found a white marble altar of Elyvilon.
  7213 | D:2      | Found a glowing silver altar of Zin.
  7213 | D:2      | Found a glowing golden altar of the Shining One.
  7589 | D:2      | Noticed Crazy Yiuf
  7605 | D:2      | Killed Crazy Yiuf
  7877 | D:7      | Killed Erolcha
  8413 | D:8      | Found a blossoming altar of Fedhas.
  9284 | D:9      | Noticed Leszczynek's ghost (novice OpSk)
  9922 | D:9      | Found an oddly glowing altar of Pakellas.
 10315 | D:10     | Entered Level 10 of the Dungeon
 10418 | D:10     | HP: 2/65 [something (4)]
 10418 | D:10     | Slain by an unseen horror

Vault maps used:
D:1:      dpeg_arrival_chase, minmay_cut_off
D:2:      good_gods_mini_temple, uniq_crazy_yiuf_cottage, uniq_terence,
          uniq_sigmund
D:3:      nicolae_overflow_crystal_walls, first_bread, elyvilon_altar_5
D:4:      kennysheep_six_static_rooms, serial_park_tiny_1, grunt_pakellas_salt,
          uniq_menkaure, uniq_natasha, uniq_robin, uniq_duvessa, uniq_grinder
D:5:      slow_altar_1, grunt_temple_overflow_open, temple_green, serial_shops,
          shop_statue, hangedman_decor_clover_reticule
D:6:      grunt_ministairs_6
D:7:      lemuel_doored_altar, uniq_joseph, uniq_prince_ribbit1
D:8:      kennysheep_mini_moat, uniq_erolcha
D:9:      overflow_temple_1_default
D:10:     david_lair_shrubbed, orc_0_dummy, serial_shops, shop,
          hangedman_tell_no_tales, uniq_nergalle

Skill      XL: |  1  2  3  4  5  6  7  8  9 10 |
---------------+-------------------------------+-----
Short Blades   | 5 6 7 8 9 11 12 14 | 14.0
Stealth        | 4 5 |  5.3
Dodging        | 4 5 8 |  8.9
Fighting       | 4 5 8 |  8.4
Armour         | |  1.5

Action                   |  1- 3 |  4- 6 |  7- 9 | 10-12 || total
-------------------------+-------+-------+-------+-------++-------
Melee: Short sword       |   162 |   129 |   359 |       ||   650
       Rapier            |       |       |   205 |   358 ||   563
       Dagger            |       |       |       |    31 ||    31
Invok: Berserk           |     1 |     3 |    14 |     6 ||    24
       Trog's Hand       |     1 |     1 |       |     1 ||     3
  Use: Potion            |       |       |     1 |       ||     1
       Scroll            |       |       |     3 |       ||     3
 Stab: Sleeping          |       |       |     7 |     4 ||    11
       Distracted        |       |       |       |     1 ||     1
  Eat: Chunk             |     9 |     7 |    31 |    17 ||    64
